 Dungeon Crawl Stone Soup version 0.20-a0-59-g66a9409 (webtiles) character file.

2976 KristoblXynda the Covert (level 9, -4/39 HPs)
             Began as a Spriggan Enchanter on Nov 16, 2016.
             Was a Believer of Ashenzari.
             Slain by a phantom (9 damage)
             ... on level 8 of the Dungeon.
             The game lasted 00:18:51 (7851 turns).

KristoblXynda the Covert (Spriggan Enchanter)       Turns: 7851, Time: 00:18:51

Health: -4/39      AC:  4    Str:  5    XL:     9   Next: 53%
Magic:  8/23       EV: 18    Int: 20    God:    Ashenzari [**....]
Gold:   435        SH:  0    Dex: 17    Spells: 3 memorised, 21 levels left

rFire  . . .     SeeInvis +     w - +0 dagger (elec)
rCold  + . .     Gourm    .     b - +2 robe
rNeg   . . .     Faith    .     (shield restricted)
rPois  .         Spirit   .     (helmet restricted)
rElec  .         Reflect  .     (no cloak)
rCorr  .         Harm     .     (gloves unavailable)
MR     +....                    (boots unavailable)
Stlth  +++++.....               (no amulet)
                                n - ring of protection from cold (curse)
                                f - +2 ring of intelligence (curse)

@: very quick
A: unfitting armour, see invisible, herbivore 3, speed 3, slow metabolism 2
a: Curse Item, Scrying, Renounce Religion


You were on level 8 of the Dungeon.
You worshipped Ashenzari.
Ashenzari was pleased with you.
You were not hungry.

You visited 2 branches of the dungeon, and saw 9 of its levels.

You collected 435 gold pieces.

Inventory:

Hand Weapons
 w - a +0 dagger of electrocution (weapon)
Armour
 b - a +2 robe (worn)
 j - a +1 buckler
Rods
 p - a -3 rod of clouds (6/13)
   (You found it on level 5 of the Dungeon)
Jewellery
 f - a cursed +2 ring of intelligence (left hand)
 n - a cursed ring of protection from cold (right hand)
Scrolls
 a - a scroll of magic mapping
 g - 2 scrolls of identify
 l - a scroll of amnesia
 r - a scroll of blinking
Potions
 m - 2 potions of magic
 o - 2 potions of haste
 s - a potion of flight
 t - 3 potions of might
Books
 c - a book of Maledictions

   Spells                             Type                      Level
   a - Corona                         Hexes                        1
   b - Ensorcelled Hibernation        Hexes/Ice                    2
   c - Confuse                        Hexes                        3
   d - Tukima's Dance                 Hexes                        3
   e - Dazzling Spray                 Conjuration/Hexes            3
 k - the Incunabulum of the Enchanting Volcanoes
   (You found it on level 5 of the Dungeon)

   Spells                             Type                      Level
   a - Confusing Touch                Hexes                        1
   b - Throw Flame                    Conjuration/Fire             2
   c - Ensorcelled Hibernation        Hexes/Ice                    2
   d - Tukima's Dance                 Hexes                        3
   e - Bolt of Magma                  Conjuration/Fire/Earth       5
   f - Ring of Flames                 Charms/Fire                  7
 u - a Fen Folio

   Spells                             Type                      Level
   a - Corpse Rot                     Necromancy                   2
   b - Stone Arrow                    Conjuration/Earth            3
   c - Leda's Liquefaction            Hexes/Earth                  4
   d - Summon Forest                  Summoning/Translocation      5
   e - Hydra Form                     Transmutation                6
   f - Summon Hydra                   Summoning                    7
Comestibles
 d - 3 bread rations
 i - 7 fruits


   Skills:
 - Level 1.1 Short Blades
 - Level 3.0 Dodging
 + Level 12.1 Stealth
 + Level 9.6 Spellcasting
 - Level 9.2(10.6) Hexes
 + Level 4.3(5.7) Evocations


You had 21 spell levels left.
You knew the following spells:

 Your Spells              Type           Power        Failure   Level  Hunger
a - Corona                Hex            ######.      1%          1    None
b - Ensorcelled Hibernat  Hex/Ice        ####..       1%          2    None
c - Confuse               Hex            ######..     1%          3    None


Dungeon Overview and Level Annotations

Branches:
Dungeon (8/15)             Temple (1/1) D:7
   Lair: D:8-11

Altars:
Ashenzari
Cheibriados
Dithmenos
Elyvilon
Fedhas
Gozag
Hepliaklqana
Kikubaaqudgha
Makhleb
Nemelex Xobeh
Okawaru
Qazlal
Ru
Sif Muna
Trog
Uskayaw
Vehumet
Xom
Yredelemnul
Zin
The Shining One

Shops:
D:7 [[[%


Innate Abilities, Weirdness & Mutations

You are very small and have problems with some larger weapons.
You are too small for most types of armour.
You have supernaturally acute eyesight. (SInv)
You are a herbivore.
You cover ground extremely quickly.
You need consume almost no food.


Message History

Casting: Ensorcelled Hibernation
Confirm with . or Enter, or press ? or * to list all spells.
Aiming: Confuse
Press: ? - help, Shift-Dir - straight line, f - phantom
Aim: a phantom (chance to defeat MR: 56%)
The phantom appears confused.
The orc misses you. The phantom barely misses you.
You hit the phantom but do no damage.
There is a sudden explosion of sparks!
The phantom is moderately damaged.
The orc completely misses you. The phantom hits you.
* * * LOW HITPOINT WARNING * * *
You hit the phantom.
The phantom is moderately damaged.
The orc misses you. The phantom misses you.
You hit the phantom.
The phantom is moderately damaged.
The orc hits you from afar with a trident.
* * * LOW HITPOINT WARNING * * *
The phantom hits you!
You die...

#.# #......#....... #.#
#......#....... #.#
#.............. ##.#
#..K...#....... ##..#
#......#....... #..##
#......##...... #.##
##)...:.###....%
#.######o...........<.#
#....)@WKK.....##
################ , * ,
, * *,


You could see a phantom (confused), an orc and 2 kobolds.

Vanquished Creatures
  Prince Ribbit (D:8)
  The ghost of KristoblXynda the Sneak, an amateur SpEn (D:5)
  A wyvern (D:8)
  Eustachio (D:5)
  A sky beast (D:5)
  An orc warrior (D:7)
  2 phantoms
  An ice beast (D:6)
  2 ogres
  4 centaurs
  A big kobold (D:8)
  2 bullfrogs (D:7)
  The ghost of Nuatha the Skirmisher, a weakling OpWn (D:6)
  3 killer bees (D:8)
  A howler monkey (D:5)
  3 crimson imps
  A bullfrog zombie (D:7)
  A bullfrog skeleton (D:5)
  4 hounds
  A jelly (D:5)
  2 orc wizards
  3 orc priests (D:7)
  A centaur skeleton (D:7)
  2 iguanas (D:7)
  10 worker ants
  A hound zombie (D:7)
  16 adders
  A shadow imp (D:6)
  An adder skeleton (D:7)
  An adder zombie (D:5)
  4 worms
  A dart slug (D:5)
  6 leopard geckos
  11 orcs
  6 bats
  8 giant cockroaches
  5 goblins
  10 hobgoblins
  10 jackals
  3 quokkas
  5 ball pythons
  6 frilled lizards
  17 kobolds
  2 leopard gecko skeletons
  A leopard gecko zombie (D:5)
  7 rats
  A bush (D:1)
174 creatures vanquished.

Notes
Turn   | Place    | Note
-------+----------+-------------------------------------------
     0 | D:1      | KristoblXynda the Spriggan Enchanter began the quest for the Orb.
     0 | D:1      | Reached XP level 1. HP: 9/9 MP: 5/5
   125 | D:1      | Reached XP level 2. HP: 5/13 MP: 7/7
   329 | D:1      | Learned a level 2 spell: Ensorcelled Hibernation
   927 | D:1      | Reached XP level 3. HP: 10/16 MP: 4/8
  1351 | D:1      | Reached skill level 5 in Stealth
  1357 | D:1      | Learned a level 3 spell: Confuse
  2172 | D:2      | Found a shattered altar of Ashenzari.
  2172 | D:2      | Found a stormy altar of Qazlal.
  2173 | D:2      | Found a glowing golden altar of the Shining One.
  2177 | D:2      | Became a worshipper of Ashenzari the Shackled
  2197 | D:2      | Found a hazy altar of Hepliaklqana.
  2274 | D:2      | Reached XP level 4. HP: 20/21 MP: 10/10
  2967 | D:3      | Found a shadowy altar of Dithmenos.
  2969 | D:3      | Reached * piety under Ashenzari
  3196 | D:3      | Reached skill level 5 in Hexes
  3627 | D:4      | Reached XP level 5. HP: 24/24 MP: 6/12
  3786 | D:4      | Noticed a centaur
  3852 | D:4      | Killed a centaur
  3852 | D:4      | Reached skill level 6 in Stealth
  4000 | D:4      | Reached skill level 5 in Spellcasting
  4038 | D:4      | Noticed a phantom
  4061 | D:4      | Killed a phantom
  4061 | D:4      | Reached XP level 6. HP: 15/28 MP: 10/14
  4189 | D:5      | Entered Level 5 of the Dungeon
  4246 | D:5      | Noticed KristoblXynda's ghost (amateur SpEn)
  4302 | D:5      | Killed KristoblXynda's ghost
  4302 | D:5      | Reached skill level 7 in Stealth
  4302 | D:5      | Reached XP level 7. HP: 27/32 MP: 2/16
  4406 | D:5      | Noticed Eustachio
  4454 | D:5      | Killed Eustachio
  4454 | D:5      | Reached skill level 8 in Stealth
  4817 | D:5      | Identified the Incunabulum of the Enchanting Volcanoes
  4899 | D:5      | Identified a -3 rod of clouds (13/13) (You found it on level 5 of the Dungeon)
  4941 | D:5      | Reached skill level 9 in Stealth
  4941 | D:5      | Reached XP level 8. HP: 15/36 MP: 4/19
  5735 | D:6      | Reached ** piety under Ashenzari
  5758 | D:6      | Noticed Nuatha's ghost (weakling OpWn)
  5764 | D:6      | Killed Nuatha's ghost
  5788 | D:6      | Found a glowing silver altar of Zin.
  5888 | D:6      | Reached skill level 10 in Stealth
  5943 | D:6      | Found a blossoming altar of Fedhas.
  6398 | D:7      | Found Zases's Antique Armour Shop.
  6399 | D:7      | Found Waarocs's Armour Shop.
  6399 | D:7      | Found Omuapo Dibef's Food Shop.
  6399 | D:7      | Found Ibrohapo's Armour Shop.
  6559 | D:7      | Found a staircase to the Ecumenical Temple.
  6570 | Temple   | Entered the Ecumenical Temple
  6668 | D:7      | Found an opulent altar of Gozag.
  6782 | D:7      | Reached skill level 11 in Stealth
  6791 | D:7      | Reached XP level 9. HP: 18/39 MP: 9/22
  7350 | D:7      | Reached skill level 1 in Evocations
  7457 | D:7      | Found a sacrificial altar of Ru.
  7537 | D:8      | Noticed Prince Ribbit
  7555 | D:8      | Killed Prince Ribbit
  7771 | D:8      | Reached skill level 12 in Stealth
  7851 | D:8      | Slain by a phantom

Vault maps used:
D:1:      dpeg_arrival_line_fractal, serial_forest, infiniplex_forest_end_3,
          infiniplex_forest_clump_tiny, infiniplex_forest_clump_diagonal,
          infiniplex_forest_straight_4, infiniplex_forest_lined_corner,
          infiniplex_forest_lined_room_2, infiniplex_forest_straight_4,
          corexii_hall_statues_u, minmay_split_cup_small
D:2:      nicolae_overflow_quartered_altars
D:3:      first_bread, nicolae_dithmenos_shadow_blocks
D:4:      minivault_23
D:5:      nicolae_underground_beach, uniq_eustachio
D:6:      zin_scriptorium, fedhas_altar_1
D:7:      overflow_temple_1_default, grunt_gozag_statues, serial_park_tiny_pond,
          minmay_shop_grid_forest
D:8:      uniq_prince_ribbit1
Temple:   dshaligram_water_room_temple

Skill      XL: |  1  2  3  4  5  6  7  8  9 |
---------------+----------------------------+-----
Spellcasting   | 3 4 5 7 8 9 |  9.6
Hexes          | 4 5 6 7 9 |  9.2
Stealth        | 5 6 7 9 11 12 | 12.1
Evocations     | 4 |  4.3
Short Blades   | |  1.1
Dodging        | |  3.0

Action                   |  1- 3 |  4- 6 |  7- 9 || total
-------------------------+-------+-------+-------++-------
Melee: Dagger            |   609 |   158 |   291 ||  1058
 Cast: Ensorcelled Hiber |    17 |    21 |    27 ||    65
       Confuse           |       |     9 |    53 ||    62
Invok: Curse Item        |       |     2 |       ||     2
Evoke: Rod               |       |       |     5 ||     5
  Use: Scroll            |       |    13 |     9 ||    22
       Potion            |       |       |     7 ||     7
 Stab: Sleeping          |    15 |    26 |    31 ||    72
       Distracted        |     1 |       |       ||     1
       Confused          |       |     6 |    29 ||    35
  Eat: Pizza             |     1 |       |       ||     1
       Fruit             |       |     3 |     1 ||     4
       Bread ration      |       |       |     1 ||     1
Armor: Robe              |    22 |    13 |    30 ||    65
       Skin              |       |       |    21 ||    21
Dodge: Dodged            |   172 |   107 |   240 ||   519
